 Dungeon Crawl Stone Soup version 0.22-a0-571-g4a923d4 (webtiles) character file.

88 iamserjio the Skirmisher (level 4, 0/29 HPs)
             Began as a Gargoyle Fighter on July 1, 2018.
             Slain by a gnoll
             ... wielding a +0 halberd
              (9 damage)
             ... on level 4 of the Dungeon.
             The game lasted 00:02:05 (342 turns).

iamserjio the Skirmisher (Gargoyle Fighter)          Turns: 342, Time: 00:02:05

Health: 0/29       AC: 10    Str: 19    XL:     4   Next: 54%
Magic:  4/4        EV:  7    Int:  9    God:
Gold:   13         SH:  9    Dex: 10    Spells: 3/3 levels left

rFire    . . .     SeeInvis .   a - +0 war axe
rCold    . . .     Gourm    .   c - +0 shield
rNeg     + . .     Faith    .   b - +0 scale mail
rPois    ∞         Spirit   .   (no helmet)
rElec    +         Reflect  .   (no cloak)
rCorr    .         Harm     .   (no gloves)
MR       .....                  (no boots)
Stlth    ..........             (no amulet)
HPRegen  0.09/turn              (no ring)
MPRegen  0.09/turn              (no ring)

@: no status effects
A: negative energy resistance 1, electricity resistance, unbreathing,
petrification resistance, rot immunity, AC +3
a: no special abilities


You were on level 4 of the Dungeon.
You were not hungry.

You visited 1 branch of the dungeon, and saw 4 of its levels.

You collected 13 gold pieces.

Inventory:

Hand Weapons
 a - a +0 war axe (weapon)
Armour
 b - a +0 scale mail (worn)
 c - a +0 shield (worn)
Jewellery
 h - a +3 ring of strength {unknown}
Wands
 i - a wand of random effects (26)
Scrolls
 e - 2 scrolls of fear {unknown}
 g - a scroll of identify {unknown}
Potions
 d - a potion of might
Comestibles
 f - 4 rations


   Skills:
 + Level 3.9 Fighting
 * Level 2.9 Axes
 + Level 3.8 Armour
 + Level 3.9 Shields


You had 3 spell levels left.
You didn't know any spells.
Your spell library was empty.

Dungeon Overview and Level Annotations

Branches:
Dungeon (4/15)
 Temple: D:4-7

Altars:
Hepliaklqana


Innate Abilities, Weirdness & Mutations

You are resistant to torment.
Your stone body is resilient. (AC +3)
You are immune to poison.
You resist negative energy. (rN+)
You are resistant to electric shocks. (rElec)
You can survive without breathing.
You are immune to petrification.
You are immune to rotting.


Message History

You slash the gnoll!
The gnoll is almost dead.
The gnoll hits you but does no damage. The gnoll closely misses you.
You hit the gnoll but do no damage.
The gnoll is almost dead.
You closely miss the adder. You block the adder's attack.
The gnoll hits you but does no damage.
You hit the gnoll but do no damage.
The gnoll is almost dead.
You miss the adder. The adder bites you. You block the gnoll's attack.
You block the adder's attack. The gnoll barely misses you.
The gnoll hits you from afar with a halberd.
The adder bites you but does no damage. You block the gnoll's attack.
You block the adder's attack.
You hit the gnoll.
The gnoll is lightly wounded.
You closely miss the adder. You slash the gnoll!
You kill the gnoll!
The gnoll hits you with a halberd!
You die...

..)..# ###### #....#####
#...#....# #...#<...##
..........#### .#
..#..........#######?.#
..#.####.###...)S..$..#
............†...@g....#
...######.##########....
#..# #.# . ...# #.# ...#
#.# #.# #.. ###


You could see a gnoll and an adder.

Vanquished Creatures
  2 worker ants
  2 gnolls (D:4)
  An ooze (D:3)
  4 orcs (D:3)
  A bat (D:3)
  A giant cockroach (D:3)
  A hobgoblin (D:3)
  2 quokkas
  A kobold (D:2)
  A rat (D:3)
16 creatures vanquished.

Notes
Turn   | Place    | Note
-------+----------+-------------------------------------------
     0 | D:1      | iamserjio the Gargoyle Fighter began the quest for the Orb.
     0 | D:1      | Reached XP level 1. HP: 14/14 MP: 1/1
    62 | D:3      | Reached XP level 2. HP: 7/19 MP: 2/2
    84 | D:3      | Reached XP level 3. HP: 5/23 MP: 3/3
   165 | D:4      | Found a hazy altar of Hepliaklqana.
   329 | D:4      | Reached XP level 4. HP: 14/29 MP: 4/4
   342 | D:4      | Slain by a gnoll

Vault maps used:
D:1:      lemuel_arrival_river_ford, serial_park_tiny_1
D:2:      lemuel_round_altar, first_ration
D:3:      minmay_wonky_spiral, kennysheep_cluttered_room, hex_large
D:4:      kennysheep_little_box, old_standard_altar,
          nicolae_overflow_crystal_walls, gup_sewer_entry_bubbles, minivault_1,
          lemuel_flame_loot_1, uniq_robin, uniq_pikel

Skill      XL: |  1 |
---------------+----+-----
Axes           | 2 |  2.9
Fighting       | |  3.9
Armour         | |  3.8
Shields        | |  3.9

Action                   |  1- 3 |  4- 6 || total
-------------------------+-------+-------++-------
Melee: War axe           |    43 |     8 ||    51
  Use: Potion            |     1 |       ||     1
Armor: Scale mail        |    32 |     9 ||    41
       Skin              |     2 |       ||     2
Dodge: Dodged            |    13 |     4 ||    17
Block: Shield            |    36 |     5 ||    41

Table legend:
 A = Spawn XP
 B = Non-spawn XP
 C = Spawn XP percentage of total XP
 D = Spawn monster count
 E = Non-spawn monster count
 F = Spawn count percentage of total count
 G = Total turns spent on level
                    A         B        C        D         E        F      G
               +---------+---------+-------+---------+---------+-------+---------
         Total |       0 |     127 |   0.0 |       0 |      16 |   0.0 |   342
               +---------+---------+-------+---------+---------+-------+---------
           D:2 |       0 |       1 |   0.0 |       0 |       1 |   0.0 |    67
           D:3 |       0 |      62 |   0.0 |       0 |      11 |   0.0 |   186
           D:4 |       0 |      64 |   0.0 |       0 |       4 |   0.0 |    78
               +---------+---------+-------+---------+---------+-------+---------
